Map: Terrasses de Prion

Players

Wizzle

  • Race: Zerg Zerg
  • League: Diamond

Worming - Winner!

  • Race: Zerg Zerg
  • League: Diamond

VOD

Have the link to the VOD?

Description

Time

  • Played on: Dec. 17, 2015, 11:36 a.m.
  • Length: 7:28
Show
View Real Time Build Order
Export as new Build Order

Wizzle Zerg 

Build Orders: Hatch First, Zergling Baneling 

Get SALT Encoding   

  12  0:01  Drone  
  13  0:12  Overlord  
  13  0:18  Drone  
  14  0:23  Extractor  
  14  0:24  Drone  
  15  0:30  Drone  
  15  0:34  Drone  
  17  0:52  Hatchery  
  17  0:56  Drone  
  17  0:58  Extractor  
  16  1:11  Spawning Pool  
  16  1:14  Drone  
  16  1:21  Drone x2  
  18  1:28  Drone  
  19  1:45  Overlord  
  19  1:52  Drone  
  20  2:00  Queen  
  22  2:02  Metabolic Boost  
  22  2:05  Queen  
  24  2:09  Drone  
  24  2:12  Drone  
  26  2:20  Baneling Nest  
  26  2:21  Zergling x2  
  26  2:24  Zergling x2  
  26  2:29  Drone  
  28  2:33  Zergling x2  
  28  2:34  Zergling x2  
  32  3:10  Drone x4  
  34  3:24  Hatchery  
  34  3:26  Drone x3, Overlord  
  36  3:40  Extractor  
  35  3:41  Drone, Evolution Chamber  
  35  3:42  Drone  
  35  3:43  Roach Warren  
  35  3:50  Baneling x2  
  35  3:56  Drone x7  
  35  4:00  Overlord  
  42  4:07  Zergling x4  
  42  4:09  Baneling  
  44  4:10  Baneling x2  
  42  4:32  Baneling x2  
  42  4:36  Zergling x10  
  42  4:37  Zergling x8  
  48  4:39  Baneling  
  47  5:11  Drone x10  
  47  5:13  Baneling x4  
  57  5:15  Zerg Missile Weapons Level 1  
  57  5:19  Lair  
  57  5:20  Queen  
  57  5:25  Queen  
  55  5:35  Roach  
  56  5:36  Overlord  
  56  5:37  Overlord  
  56  5:52  Overlord  
  56  5:53  Overlord  
  58  5:57  Roach x7  
  58  5:58  Roach  
  58  5:59  Overlord x2  
  72  6:14  Baneling x2  
  72  6:24  Drone x8  
  80  6:27  Extractor  
  80  6:31  Overlord x2  
  79  6:40  Extractor  
  79  6:42  Overlord  
  78  6:52  Drone x4  
  82  6:54  Drone x2  
  82  6:55  Drone x2  
  82  6:56  Roach x3  
  82  6:57  Ravager  
  82  6:58  Ravager x2  
  82  6:59  Zergling x2  
Show
View Real Time Build Order
Export as new Build Order

Worming Zerg - Winner!

Build Orders: Hatch First 

Get SALT Encoding   

  12  0:00  Drone  
  13  0:12  Overlord  
  13  0:17  Drone  
  14  0:31  Drone x2  
  14  0:35  Drone  
  17  0:52  Hatchery  
  17  0:55  Drone  
  17  1:02  Extractor  
  17  1:03  Drone  
  17  1:14  Spawning Pool  
  17  1:17  Drone  
  17  1:20  Drone  
  18  1:30  Drone  
  20  1:40  Drone  
  20  1:54  Overlord  
  20  2:01  Queen  
  20  2:04  Queen  
  20  2:05  Zergling x4  
  26  2:11  Drone  
  27  2:16  Metabolic Boost  
  27  2:19  Drone  
  28  2:27  Baneling Nest  
  29  2:30  Drone x2  
  29  2:35  Drone  
  30  3:00  Overlord  
  30  3:04  Zergling x8  
  30  3:05  Spine Crawler  
  32  3:12  Zergling x4  
  33  3:15  Overlord  
  33  3:17  Overlord  
  33  3:19  Zergling x2  
  34  3:24  Baneling x2  
  34  3:28  Drone x2  
  36  3:39  Drone x4  
  40  3:42  Drone x3  
  40  3:44  Drone x2  
  45  3:54  Overlord  
  45  3:55  Drone  
  45  4:01  Baneling  
  46  4:05  Drone x2  
  48  4:14  Drone x6  
  49  4:31  Zergling x2  
  49  4:32  Zergling x4  
  51  4:39  Extractor  
  51  4:40  Lair  
  51  4:41  Roach Warren  
  51  4:44  Zergling x12  
  55  4:46  Extractor  
  54  4:53  Hatchery  
  53  5:04  Baneling  
  53  5:05  Baneling x3  
  51  5:16  Overlord  
  46  5:34  Drone x5  
  50  5:37  Glial Reconstitution  
  50  5:40  Queen  
  52  5:43  Overlord  
  52  5:44  Roach x5  
  52  5:45  Roach x2  
  52  5:47  Extractor  
  65  6:07  Roach  
  65  6:08  Roach x7  
  65  6:09  Overlord x2  
  65  6:10  Overlord  
  81  6:22  Ravager  
  82  6:28  Ravager x2  
  84  6:33  Overlord  
  84  6:34  Roach  
  84  6:35  Roach x5  
  96  6:46  Ravager  
  97  6:47  Ravager  
  97  6:50  Zergling x2  
  97  6:51  Zergling x14  
  106  6:59  Baneling x4  
  106  7:04  Drone x4  
  106  7:07  Overseer  
  112  7:10  Overlord  
Tags
 
Add a new tag
Caveats
  • Supply blocks, unpowered buildings, or Contaminate may cause inaccurate times.
  • Supply counts are checked every 10 seconds.